 Dungeon Sprint DCSS version 0.28-a0-79-g444c7a33f5 (webtiles) character file.

Game seed: 15635722680461415146

51610 Zeldest the Fencer (level 14, -6/89 HPs)
             Began as a Vine Stalker Gladiator on Aug 2, 2021.
             Was the Champion of Cheibriados.
             Mangled by a deep troll shaman (7 damage)
             ... in the Dungeon (Sprint IX: "|||||||||||||||||||||||||||||").
             The game lasted 00:15:03 (1425 turns).

Zeldest the Fencer (Vine Stalker Gladiator)         Turns: 1425, Time: 00:15:04

Health: -6/89      AC: 14    Str: 34    XL:     14   Next: 60%
Magic:  0/26       EV: 33    Int: 26    God:    Cheibriados [******]
Gold:   1038       SH:  5    Dex: 37    Spells: 23/33 levels left

rFire   x . .      SeeInvis .   H - +2 great sword (flame)
rCold   + . .      Faith    .   (shield currently unavailable)
rNeg    . . .      Spirit   +   I - +0 swamp dragon scales
rPois   +          Reflect  +   v - +2 hat {Int+3}
rElec   .          Harm     .   B - +1 cloak
rCorr   .          Rampage  .   l - +0 pair of gloves
Will    +....      NoTele   +   D - +1 pair of boots
Stlth   ++........              f - amulet of reflection
HPRegen 1.24/turn               o - +3 ring of dexterity
MPRegen 0.20/turn               y - ring of ice

@: very slow
A: fangs 3, regeneration 1, magic shield, antimagic bite, no potion heal 2, low
mp 1, screaming 1, MP-powered wands
a: Renounce Religion, Bend Time, Temporal Distortion, Slouch, Step From Time


You were in the Dungeon.
You worshipped Cheibriados.
Cheibriados was exalted by your worship.
You visited 1 branch You collected 1906 gold pieces.
You spent 868 gold pieces at shops.

Inventory:

Hand Weapons
 a - a +0 long sword
 k - a +2 scimitar of distortion
 A - a +1 double sword
 H - a +2 great sword of flaming (weapon)
Missiles
 d - 3 throwing nets (quivered)
Armour
 b - a +0 leather armour
 c - a +0 helmet
 l - a +0 pair of gloves (worn)
 m - a +0 pair of boots
 n - a +2 ring mail
 u - a +0 cloak
 v - a +2 hat of intelligence (worn)
 B - a +1 cloak (worn)
 C - a +3 scale mail
 D - a +1 pair of boots (worn)
 I - +0 swamp dragon scales (worn)
Jewellery
 f - an amulet of reflection (around neck)
 o - a +3 ring of dexterity (left hand)
 p - a +3 ring of dexterity
 y - a ring of ice (right hand)
 z - a ring of poison resistance
Wands
 w - a wand of iceblast (5)
Scrolls
 h - 2 scrolls of amnesia
 i - a scroll of blinking
 q - 2 scrolls of enchant armour
 r - a scroll of fear
 s - 2 scrolls of identify
 t - a scroll of silence
 F - a scroll of fog
 G - 2 scrolls of enchant weapon
Potions
 e - 7 potions of curing
 j - a potion of flight
 x - 2 potions of lignification


   Skills:
 + Level 17.1 Fighting
 + Level 17.2 Long Blades
 - Level 1.7 Throwing
 + Level 16.0 Dodging
 + Level 10.1 Spellcasting
 + Level 10.1 Hexes
 + Level 10.1 Air Magic
 - Level 15.4 Invocations


You had 23 spell levels left.
You knew the following spells:

 Your Spells              Type           Power      Damage    Failure   Level
a - Silence               Hex/Air        30%        N/A       2%          5
b - Borgnjor's Vile Clut  Necr/Erth      6%         N/A       86%         5

Your spell library contained the following spells:

 Spells                   Type           Power      Damage    Failure   Level
 Dazzling Flash           Conj/Hex       78%        N/A       2%          3
 Agony                    Necr           13%        N/A       86%         5
 Alistair's Intoxication  Tmut/Pois      8%         N/A       86%         5
 Eringya's Noxious Bog    Tmut/Pois      6%         N/A       100%        6


Dungeon Overview and Level Annotations

Branches:
Dungeon (1/1)

Altars:
Cheibriados
Dithmenos
Elyvilon
Fedhas
Gozag
Hepliaklqana
Kikubaaqudgha
Makhleb
Nemelex Xobeh
Okawaru
Qazlal
Ru
Sif Muna
Trog
Uskayaw
Vehumet
Wu Jian
Xom
Yredelemnul
Zin
The Shining One
Beogh
Jiyva
Lugonu

Shops:
D [::!

Annotations:
D Saint Roka


Innate Abilities, Weirdness & Mutations

You have razor-sharp teeth.
Your natural rate of healing is unusually fast.
When hurt, damage is shared between your health and your magic reserves.
Your bite disrupts and absorbs the magic of your enemies.
Potions cannot restore your health.
Your magical capacity is low. (-10% MP)
You occasionally shout uncontrollably at your foes.
You expend magic power (3 MP) to strengthen your wands.


Message History

You bite the flayed ghost.
The flayed ghost's magic leaks into the air.
You drain its magic.
You feel invigorated.
The flayed ghost is moderately damaged.
The flayed ghost misses you.
A necromancer comes into view. It is wielding a +0 dagger.
The necromancer shouts!
You slice the flayed ghost!! You burn the flayed ghost!
Your bite misses the flayed ghost.
The flayed ghost is almost destroyed.
The flayed ghost cries, "Feel what I felt!"
Terrible wounds open up all over your body!
* * * LOW HITPOINT WARNING * * *
The frost giant casts a spell at you. The bolt of cold misses you.
Okay, then.
You slice the flayed ghost!! You burn the flayed ghost.
You destroy the flayed ghost!
Cheibriados appreciates the change of pace.
The terrible wounds on your body vanish.
The necromancer casts a spell.
The necromancer binds the souls of nearby monsters.
The frost giant points at you and mumbles some strange words.
The bolt of cold misses you.
You block the deep troll shaman's attack.
The deep troll shaman completely misses you. x2
The necromancer gestures wildly while chanting.
The necromancer binds the souls of nearby monsters.
The deep troll shaman completely misses you.
The deep troll shaman claws you.
* * * LOW HITPOINT WARNING * * *
You block the deep troll shaman's attack.
The necromancer casts a spell.
The necromancer binds the souls of nearby monsters.
Items here: ))) [[[ ÷.
You close the door, pushing everything out of the way.
The deep troll shaman bites you!
* * * LOW HITPOINT WARNING * * *
The deep troll shaman claws you!
You die...

▓V▓.▓.▓.▓.▓.▓.▓.▓!
▓.▓.▓.▓.▓=▓.▓.▓.▓!
▓D▓.▓.▓.▓.▓.▓.▓.▓!
▓.▓.▓.▓.▓=▓.▓)▓.▓[
▓C▓.▓.▓.▓.▓.▓)▓.▓.
▓.▓.▓'▓.▓)▓.▓)▓.▓.
▓÷▓.▓.▓.▓)▓.▓)▓.▓.
▓+▓.▓†▓)▓)▓.▓)▓.▓.
▓@▓.▓.▓.▓)▓.▓)▓.▓.
▓T▓.▓†▓.▓)▓.▓)▓.▓?
▓D▓.▓.▓.▓)▓.▓.▓.▓?
▓.▓.▓.▓.▓.▓.▓.▓.▓'
▓.▓.▓†▓.▓)▓.▓.▓.▓.
▓p▓.▓)▓.▓.▓.▓.▓.▓.
▓.▓.▓)▓.▓.▓.▓.▓.▓.
▓.▓.♣'♣.▓[▓.▓.▓.▓†
▓.♣.♣.▓.▓.▓.▓.▓†


You could see an ice dragon (soul bound), a deep troll shaman (soul bound) and a
necromancer.

Vanquished Creatures
  Gastronok (D)
  Kirke (D)
  2 tengu reavers (D)
  A fire giant (D)
  A frost giant (D)
  3 very ugly things (D)
  A spark wasp (D)
  A bunyip (D)
  2 rakshasas (D)
  Erolcha (D)
  A boulder beetle (D)
  2 salamander tyrants (D)
  A death knight (D)
  4 hydras (D)
  A catoblepas (D)
  5 death yaks (D)
  A satyr (D)
  A two-headed ogre (D)
  A deep troll shaman (D)
  A centaur warrior (D)
  8 orc high priests (D)
  An alligator (D)
  A flayed ghost (D)
  3 spriggan druids (D)
  2 swamp dragons (D)
  A lindwurm (D)
  A mana viper (D)
  2 orc knights (D)
  2 cyclopes (D)
  An orb spider (D)
  An ugly thing (D)
  An orc sorcerer (D)
  2 manticores (D)
  A will-o-the-wisp (D)
  A moth of wrath (D)
  A guardian serpent (D)
  4 black mambas (D)
  A water nymph (D)
  A naga mage (D)
  2 rime drakes (D)
  A gargoyle (D)
  A cane toad (D)
  An unseen horror (shapeshifter) (D)
  A demonic crawler (D)
  A tengu conjurer (D)
  2 komodo dragons (D)
  2 jumping spiders (D)
  A tyrant leech (D)
  A wind drake (D)
  A hornet (D)
  3 redbacks (D)
  A wyvern (D)
  A yak (D)
  5 wraiths (D)
  A basilisk (D)
  2 hogs (D)
  A human (shapeshifter) (D)
  A vampire mosquito (D)
  A water moccasin (D)
  A naga (D)
  A black bear (D)
  11 orc warriors (D)
  A centaur (D)
  5 bullfrogs (D)
  A scorpion (D)
  A howler monkey (D)
  A hound (D)
  9 orc priests (D)
  An iguana (D)
  5 orc wizards (D)
  An ufetubus (D)
  A dart slug (D)
  8 orcs (D)
  2 endoplasms (D)
  2 hobgoblins (D)
  A quokka (D)
149 creatures vanquished.

Vanquished Creatures (others)
  A snapping turtle (D)
  A water elemental (D)
  2 humans (D)
  An acid dragon (D)
  A foxfire (D)
6 creatures vanquished.

Grand Total: 155 creatures vanquished

Notes
Turn   | Place    | Note
-------+----------+-------------------------------------------
     0 | D        | Zeldest the Vine Stalker Gladiator began the quest for the
                  | Orb.
     0 | D        | Reached XP level 1. HP: 11/11 MP: 2/2
    18 | D        | Reached XP level 2. HP: 11/16 MP: 1/3
    29 | D        | Noticed a scorpion
    33 | D        | Reached XP level 3. HP: 21/21 MP: 4/4
    39 | D        | Gained mutation: Your natural rate of healing is unusually
                  | fast. [Vine Stalker growth]
    39 | D        | Reached XP level 4. HP: 26/26 MP: 5/5
    39 | D        | Killed a scorpion
    40 | D        | Reached skill level 5 in Fighting
    40 | D        | Reached skill level 5 in Long Blades
    40 | D        | Reached skill level 5 in Dodging
    40 | D        | Reached XP level 5. HP: 30/30 MP: 6/6
    47 | D        | Found a snail-covered altar of Cheibriados.
    47 | D        | Found a shadowy altar of Dithmenos.
    47 | D        | Found a white marble altar of Elyvilon.
    47 | D        | Found a blossoming altar of Fedhas.
    47 | D        | Found an opulent altar of Gozag.
    48 | D        | Found a hazy altar of Hepliaklqana.
    49 | D        | Found a viscous altar of Jiyva.
    50 | D        | Found an ancient bone altar of Kikubaaqudgha.
    51 | D        | Became a worshipper of Cheibriados the Contemplative
    52 | D        | Found a corrupted altar of Lugonu.
    53 | D        | Found a burning altar of Makhleb.
    54 | D        | Found a sparkling altar of Nemelex Xobeh.
    55 | D        | Found an iron altar of Okawaru.
    56 | D        | Found a stormy altar of Qazlal.
    57 | D        | Found a sacrificial altar of Ru.
    58 | D        | Found a shimmering blue altar of Sif Muna.
    59 | D        | Found a bloodstained altar of Trog.
    82 | D        | Found a hide-covered altar of Uskayaw.
    83 | D        | Found a radiant altar of Vehumet.
    84 | D        | Found an ornate altar of the Wu Jian Council.
    85 | D        | Found a shimmering altar of Xom.
    86 | D        | Found a basalt altar of Yredelemnul.
    87 | D        | Found a glowing silver altar of Zin.
    88 | D        | Found a glowing golden altar of the Shining One.
   137 | D        | Noticed a centaur
   137 | D        | Noticed a hornet
   137 | D        | Noticed an orc warrior
   137 | D        | Noticed a two-headed ogre
   137 | D        | Noticed a wraith
   138 | D        | Killed a centaur
   140 | D        | Reached XP level 6. HP: 37/37 MP: 6/9
   143 | D        | Killed a two-headed ogre
   143 | D        | Reached * piety under Cheibriados
   144 | D        | Reached XP level 7. HP: 39/44 MP: 6/13
   144 | D        | Gained mutation: You have razor-sharp teeth. [Vine Stalker
                  | growth]
   144 | D        | Reached XP level 8. HP: 42/48 MP: 6/14
   144 | D        | Killed a hornet
   145 | D        | Reached ** piety under Cheibriados
   147 | D        | Killed a wraith
   154 | D        | Noticed a six-headed hydra
   154 | D        | Noticed a gargoyle
   154 | D        | Noticed an eight-headed hydra
   154 | D        | Noticed a centaur warrior
   173 | D        | Killed a gargoyle
   173 | D        | Reached *** piety under Cheibriados
   175 | D        | Killed an eight-headed hydra
   176 | D        | Reached skill level 10 in Fighting
   176 | D        | Reached skill level 10 in Long Blades
   176 | D        | Reached XP level 9. HP: 50/54 MP: 7/16
   176 | D        | Killed a seven-headed hydra
   176 | D        | Reached **** piety under Cheibriados
   177 | D        | Reached skill level 10 in Dodging
   177 | D        | Reached skill level 10 in Invocations
   181 | D        | Killed a centaur warrior
   181 | D        | Reached ***** piety under Cheibriados
   182 | D        | Reached XP level 10. HP: 48/60 MP: 6/18
   289 | D        | Noticed a seven-headed hydra
   290 | D        | Noticed a boulder beetle
   296 | D        | Killed a ten-headed hydra
   332 | D        | Killed a boulder beetle
   337 | D        | Reached ****** piety under Cheibriados
   342 | D        | Noticed a cane toad
   342 | D        | Noticed a black mamba
   342 | D        | Noticed a lindwurm
   344 | D        | Killed a cane toad
   348 | D        | Killed a black mamba
   349 | D        | Reached XP level 11. HP: 66/66 MP: 19/21
   349 | D        | Noticed a seven-headed hydra
   358 | D        | Killed a lindwurm
   360 | D        | Killed a seven-headed hydra
   369 | D        | Noticed a death yak
   369 | D        | Noticed a catoblepas
   369 | D        | Noticed a death yak
   369 | D        | Noticed a death yak
   369 | D        | Noticed a death yak
   372 | D        | Noticed a death yak
   376 | D        | Killed a death yak
   378 | D        | Noticed a death yak
   382 | D        | Killed a death yak
   385 | D        | Banished a death yak
   393 | D        | Killed a catoblepas
   395 | D        | Killed a death yak
   398 | D        | Killed a death yak
   400 | D        | Killed a death yak
   431 | D        | Noticed Gastronok
   445 | D        | Killed Gastronok
   446 | D        | Reached XP level 12. HP: 43/74 MP: 23/23
   466 | D        | Noticed Erolcha
   480 | D        | Killed Erolcha
   595 | D        | Noticed an orc high priest
   607 | D        | Killed an orc high priest
   648 | D        | Found Piolar's Antique Armour Emporium.
   648 | D        | Noticed an orc high priest
   648 | D        | Noticed an orc high priest
   648 | D        | Noticed an orc high priest
   651 | D        | Killed an orc high priest
   652 | D        | Noticed an orc high priest
   657 | D        | Killed an orc high priest
   658 | D        | Reached skill level 15 in Invocations
   659 | D        | Found Pocvax's Book Shoppe.
   664 | D        | Noticed an orc high priest
   666 | D        | Killed an orc high priest
   668 | D        | Noticed an orc high priest
   670 | D        | Killed an orc high priest
   671 | D        | Reached skill level 15 in Long Blades
   671 | D        | Found Xeczuh's Book Emporium.
   677 | D        | Killed an orc high priest
   678 | D        | Reached skill level 15 in Fighting
   678 | D        | Found Bemafoco's Distillery.
   684 | D        | Killed an orc high priest
   710 | D        | Noticed an orc high priest
   716 | D        | Killed an orc high priest
   719 | D        | Bought a potion of lignification for 36 gold pieces
   719 | D        | Bought a potion of lignification for 36 gold pieces
   735 | D        | Bought a book of the Senses for 416 gold pieces
   741 | D        | Learned a level 5 spell: Silence
   743 | D        | Bought Great Wizards, Vol. II for 380 gold pieces
   749 | D        | Learned a level 5 spell: Borgnjor's Vile Clutch
   822 | D        | Noticed Josephine
   827 | D        | Reached skill level 1 in Air Magic
   827 | D        | Reached XP level 13. HP: 81/81 MP: 25/25
   829 | D        | Banished Josephine
   830 | D        | Reached skill level 1 in Spellcasting
   830 | D        | Reached skill level 1 in Hexes
   872 | D        | Gained mutation: Your magical capacity is low. (-10% MP)
                  | [mutagenic glow]
   879 | D        | Gained mutation: You expend magic power (3 MP) to
                  | strengthen your wands. [mutagenic glow]
   903 | D        | Gained mutation: You occasionally shout uncontrollably at
                  | your foes. [mutagenic glow]
   943 | D        | Noticed a red very ugly thing
   945 | D        | Noticed a tengu reaver
   947 | D        | Noticed a rakshasa
   950 | D        | Noticed a white very ugly thing
   952 | D        | Killed a white very ugly thing
   952 | D        | Noticed a purple very ugly thing
   957 | D        | Killed a tengu reaver
   960 | D        | Reached skill level 5 in Air Magic
   967 | D        | Killed a purple very ugly thing
   968 | D        | Reached skill level 5 in Spellcasting
   968 | D        | Reached skill level 5 in Hexes
   970 | D        | Killed a cyan very ugly thing
   973 | D        | Killed a rakshasa
   978 | D        | Noticed a fire giant
   985 | D        | Killed a fire giant
  1052 | D        | Noticed Saint Roka
  1055 | D        | Reached skill level 15 in Dodging
  1135 | D        | Noticed a spark wasp
  1138 | D        | Killed a spark wasp
  1153 | D        | Noticed a bunyip
  1178 | D        | Reached XP level 14. HP: 53/88 MP: 18/24
  1385 | D        | Noticed Kirke
  1391 | D        | Killed Kirke
  1402 | D        | Noticed a tengu reaver
  1402 | D        | Noticed a frost giant
  1402 | D        | Noticed a frost giant
  1406 | D        | Noticed a vampire knight
  1412 | D        | Killed a tengu reaver
  1419 | D        | Killed a frost giant
  1420 | D        | Reached skill level 10 in Spellcasting
  1420 | D        | Reached skill level 10 in Hexes
  1420 | D        | Reached skill level 10 in Air Magic
  1420 | D        | Noticed a frost giant
  1425 | D        | HP: 1/89 [deep troll shaman (10)]
  1425 | D        | Mangled by a deep troll shaman

Illustrated notes

Levels and vault maps discovered:
D:        linesprint [early_d, line_temple, items_1, d_10, items_2, lair_1,
          lair_end, items_3, orc_1, orc_end, items_4, d_15, swamp_1, shoals_1,
          snake_1, spider_1, d_20, vaults_1, items_5, swamp_end, shoals_end,
          snake_end, spider_end, vaults_end, d_27, items_6, zot_1, zot_end,
          crypt_end, forest_end, elf_end, slime_end, tomb_end, abyss_end,
          pan_hell_end]

Skill      XL: |  1  2  3  4  5  6  7  8  9 10 11 12 13 14 |
---------------+-------------------------------------------+-----
Fighting       | 2 3 4 5 6 8 10 11 12 14 15 16 17 | 17.1
Long Blades    | 3 4 5 6 8 10 11 12 14 15 16 17 | 17.2
Dodging        | 3 4 5 6 8 9 10 11 13 14 15 16 | 16.0
Invocations    | 3 6 9 10 12 14 15 | 15.4
Air Magic      | 1 7 10 | 10.1
Spellcasting   | 7 10 | 10.1
Hexes          | 7 10 | 10.1
Throwing       | |  1.7

Action                   |  1- 3 |  4- 6 |  7- 9 | 10-12 | 13-15 || total
-------------------------+-------+-------+-------+-------+-------++-------
Melee: Long sword        |    20 |     2 |       |       |       ||    22
       Bite              |     6 |     2 |     1 |    91 |    92 ||   192
       Scimitar          |       |       |     6 |   132 |     4 ||   142
       Double sword      |       |       |       |       |    39 ||    39
       Great sword       |       |       |       |       |    95 ||    95
Invok: Slouch            |       |       |       |    12 |    17 ||    29
       Step From Time    |       |       |       |       |     3 ||     3
       Temporal Distorti |       |       |       |       |     2 ||     2
Evoke: Wand              |       |     6 |     4 |     2 |     1 ||    13
  Use: Potion            |     2 |       |     1 |     1 |     4 ||     8
       Scroll            |       |       |       |     1 |     1 ||     2
 Stab: Sleeping          |     2 |       |       |     1 |       ||     3
       Invisible         |       |       |     1 |       |       ||     1
Armor: Leather armour    |     4 |       |       |       |       ||     4
       Ring mail         |       |     4 |     9 |    16 |       ||    29
       Scale mail        |       |       |       |       |     3 ||     3
       Swamp dragon scal |       |       |       |       |    12 ||    12
Dodge: Dodged            |    11 |     3 |    24 |    90 |    92 ||   220
Block: Other             |       |       |       |    22 |    19 ||    41
       Rpst.: Long sword |     1 |       |       |       |       ||     1
       Scimitar          |       |     1 |     2 |    20 |     1 ||    24
       Great sword       |       |       |       |       |    16 ||    16
       Double sword      |       |       |       |       |     3 ||     3

Table legend: (Time is in decaauts)
 A = Elapsed time spent in this place.
 B = Non-inter-level travel time spent in this place.
 C = Inter-level travel time spent in this place.
 D = Time resting spent in this place.
 E = Time spent auto-exploring this place.
 F = Levels seen in this place.
 G = Mean time per level.
                   A        B        C        D        E       F      G
               +--------+--------+--------+--------+--------+-----+--------+
         Total |   2157 |   2157 |      0 |      0 |      0 |   1 | 2157.0 |
       Dungeon |   2157 |   2157 |      0 |      0 |      0 |   1 | 2157.0 |
               +--------+--------+--------+--------+--------+-----+--------+

Top non-repeatable levels by time:
       D: 2157 daAuts
